AoeStats
← M@nqu!to

Arena

506889212Analyzed
1v1 RM · 16d ago on Sep 15, 2026· 46m 42s· 2 players
Game mode
Random Map
Map size
Tiny (2 player)
Population
200
Speed
Normal
Resources
Standard
Victory
Conquest
Starting age
Dark Age
Ending age
Imperial Age
RankedLock teamsTeams togetherTeam positionsShared explorationLock speedFull tech treeHidden civsTurbo modeCheats
Victory
Defeat
🇵🇪 Teutons · Peru
1271
+16
🇵🇪 Sicilians · Peru
1270
-16
M@nqu!to
6:54 Loom
9:12 Feudal Age
23:28 Castle Age
31:48 Town Watch
34:41 Sanctity
34:50 Town Patrol
35:25 Wheelbarrow
39:56 Imperial Age
38:09 Fletching
39:32 Squires
39:18 Arson
38:56 Pikeman
40:58 Conscription
40:43 Scale Mail Armor
40:53 Forging
41:09 Halberdier
42:53 Chain Mail Armor
45:30 First Crusade
_Avicii_32
6:05 Loom
9:25 Feudal Age
20:09 Fletching
22:46 Double-Bit Axe
22:42 Horse Collar
28:52 Castle Age
29:34 Bloodlines
29:35 Forging
32:44 Bow Saw
35:42 Wheelbarrow
40:51 Scale Barding Armor
41:50 Hand Cart
41:21 Town Watch
42:52 Iron Casting
45:12 Imperial Age
45:21 Imperial Age
42:19 Pikeman
42:59 Squires
42:45 Gambesons
43:59 Scale Mail Armor
44:20 Chain Barding Armor
45:08 Gold Mining
45:09 Stone Mining
45:36 Chain Mail Armor
46:06 Masonry
46:43 Hoardings
47:19 Chemistry
47:50 Blast Furnace
47:20 Plate Mail Armor
Connection lost

Rejoining the realm…

Still unreachable

The connection could not be restored.

Session expired

The server has moved on; the page needs a fresh start.